 Dungeon Crawl Stone Soup version 0.23-a0-143-g1adec7b (webtiles) character file.

51 galech the Chopper (level 3, 0/29 HPs)
             Began as a Demonspawn Monk on Sept 4, 2018.
             Succumbed to an adder's poison
             ... on level 2 of the Dungeon.
             The game lasted 00:01:37 (1213 turns).

galech the Chopper (Demonspawn Monk)                Turns: 1213, Time: 00:01:39

Health: 0/29       AC:  5    Str: 11    XL:     3   Next: 58%
Magic:  3/3        EV: 11    Int: 11    God:
Gold:   77         SH:  0    Dex: 16    Spells: 2/2 levels left

rFire    . . .     SeeInvis +   a - +0 hand axe
rCold    . . .     Gourm    .   (no shield)
rNeg     . . .     Faith    .   j - +0 ring mail
rPois    .         Spirit   .   (no helmet)
rElec    .         Reflect  .   (no cloak)
rCorr    .         Harm     .   (no gloves)
MR       .....                  (no boots)
Stlth    +.........             (no amulet)
HPRegen  0.09/turn              e - ring of see invisible
MPRegen  0.08/turn              (no ring)

@: lethally poisoned (0 -> -4)
A: powered by pain 2
a: no special abilities


You were on level 2 of the Dungeon.
You were not hungry.

You visited 1 branch of the dungeon, and saw 2 of its levels.

You collected 77 gold pieces.

Inventory:

Hand Weapons
 a - a +0 hand axe (weapon)
Armour
 j - a +0 ring mail (worn)
Jewellery
 e - a ring of see invisible (left hand)
Wands
 i - a wand of disintegration (7)
Scrolls
 g - a scroll of remove curse {unknown}
 h - a scroll of noise {unknown}
Comestibles
 c - 3 rations
 f - 4 chunks of flesh


   Skills:
 + Level 3.4 Fighting
 + Level 3.5 Axes
 + Level 3.0 Dodging
 + Level 2.1 Stealth


You had 2 spell levels left.
You didn't know any spells.
Your spell library was empty.

Dungeon Overview and Level Annotations

Branches:
Dungeon (2/15)

Altars:


Innate Abilities, Weirdness & Mutations

You sometimes gain power by taking damage.


Message History

* * * LOW HITPOINT WARNING * * *
You feel sick.
You see here an adder corpse.
You butcher the adder corpse.
Things that are here:
a chunk of flesh; an adder skeleton
f - 7 chunks of flesh (gained 1)
* * * LOW HITPOINT WARNING * * *
You feel sick.
* * * LOW HITPOINT WARNING * * *
You feel sick.
* * * LOW HITPOINT WARNING * * *
You feel sick.
* * * LOW HITPOINT WARNING * * *
You feel sick.
* * * LOW HITPOINT WARNING * * *
You feel sick.
You see here a scroll labeled METOCU DOTOR.
Some of the chunks of flesh in your inventory have rotted away.
You die...

#. #.## .## ##.#
##+####. #. #[#
##...##.# #.###.
##.....#.# #...#.
##........# ##.#.
#.........####....
+........รท'.......
#@.?......####....
##.......## ##...
##..>..## ##..
##...## ### ##+## #
#


There were no monsters in sight!

Vanquished Creatures
  2 adders (D:2)
  2 worms (D:2)
  A giant cockroach (D:1)
  7 goblins
  3 hobgoblins
  2 jackals (D:1)
  A ball python (D:1)
  2 bats
  3 frilled lizards
  3 kobolds
  2 rats (D:1)
28 creatures vanquished.

Notes
Turn   | Place    | Note
-------+----------+-------------------------------------------
     0 | D:1      | galech the Demonspawn Monk began the quest for the Orb.
     0 | D:1      | Reached XP level 1. HP: 18/18 MP: 1/1
   170 | D:1      | Gained mutation: You sometimes gain a little power by
                  | taking damage. [demonic ancestry]
   170 | D:1      | Reached XP level 2. HP: 23/24 MP: 2/2
   613 | D:2      | Gained mutation: You sometimes gain power by taking damage.
                  | [demonic ancestry]
   613 | D:2      | Reached XP level 3. HP: 29/29 MP: 3/3
   922 | D:2      | Found a faded altar of an unknown god.
  1211 | D:2      | HP: 1/29 [poisoned by an adder]
  1213 | D:2      | Succumbed to an adder's poison

Vault maps used:
D:1:      dpeg_arrival_orchard
D:2:      lightli_temple_of_fire, chequers_ecumenical_altar_twisty,
          solitary_fountain, grunt_decor_clamped, item_on_display_a

Skill      XL: |  1  2 |
---------------+-------+-----
Axes           | 3 |  3.5
Dodging        | 3 |  3.0
Stealth        | 2 |  2.1
Fighting       | |  3.4

Action                   || total
-------------------------++-------
Melee: Hand axe          ||    97
  Use: Potion            ||     1
 Stab: Sleeping          ||     5
  Eat: Chunk             ||     1
Armor: Robe              ||    15
       Ring mail         ||     1
Dodge: Dodged            ||    63

Table legend:
 A = Non-vault XP
 B = Vault XP
 C = Vault XP percentage of total XP
 D = Non-vault monster count
 E = Vault monster count
 F = Vault count percentage of total count
                 A         B        C        D         E       F
            +---------+---------+-------+---------+---------+-------
      Total |      74 |       0 |   0.0 |      28 |       0 |   0.0
            +---------+---------+-------+---------+---------+-------
        D:1 |      23 |       0 |   0.0 |      15 |       0 |   0.0
        D:2 |      51 |       0 |   0.0 |      13 |       0 |   0.0
            +---------+---------+-------+---------+---------+-------
